AoeStats
← Malik Bhai

Arabian Desert

510008447Analyzed
1v1 RM · 3d ago on Sep 29, 2026· 31m 2s· 2 players
Game mode
Random Map
Map size
Tiny (2 player)
Population
200
Speed
Normal
Resources
Standard
Victory
Conquest
Starting age
Dark Age
Ending age
Imperial Age
RankedLock teamsTeams togetherTeam positionsShared explorationLock speedFull tech treeHidden civsTurbo modeCheats
Victory
Defeat
🇲🇽 Wei · Mexico
1636
+17
🇵🇰 Vietnamese · Pakistan
1656
-17
クマ豚男
6:44 Loom
9:11 Feudal Age
9:55 Double-Bit Axe
9:57 Horse Collar
10:44 Town Watch
16:18 Fletching
22:33 Castle Age
22:30 Bloodlines
23:09 Padded Archer Armor
23:16 Bodkin Arrow
22:50 Elite Skirmisher
24:05 Bow Saw
25:48 Ballistics
Malik Bhai
6:26 Loom
9:12 Feudal Age
9:23 Man-at-Arms
9:51 Double-Bit Axe
12:20 Horse Collar
22:22 Castle Age
22:20 Scale Mail Armor
23:25 Chain Mail Armor
24:09 Wheelbarrow
25:46 Squires
31:04 Forging
Connection lost

Rejoining the realm…

Still unreachable

The connection could not be restored.

Session expired

The server has moved on; the page needs a fresh start.